 Dungeon Crawl Stone Soup version 0.18.1-48-g4cf74bf (webtiles) character file.

60 mindo the Firebug (level 3, 0/21 HPs)
             Began as a High Elf Fire Elementalist on July 19, 2016.
             Succumbed to an adder's poison
             ... on level 3 of the Dungeon.
             The game lasted 00:10:29 (2111 turns).

mindo the Firebug (High Elf Fire Elementalist)      Turns: 2111, Time: 00:10:30

Health: 0/21       AC:  2    Str:  6 (9)  XL:     3   Next: 80%
Magic:  6/9        EV: 18    Int: 18 (19) God:
Gold:   81         SH:  0    Dex: 20 (21) Spells: 1 memorised, 8 levels left

rFire  + . .     SeeInvis .     e - +0 dagger
rCold  + . .     Gourm    .     a - +0 robe
rNeg   . . .     Faith    .     (no shield)
rPois  +         Spirit   .     (no helmet)
rElec  +         Dismiss  .     (no cloak)
rCorr  +         Reflect  .     (no gloves)
SustAt .         Harm     .     (no boots)
MR     +....                    (no amulet)
Stlth  +++.......               (no ring)
                                (no ring)

@: agile, lethally poisoned (0 -> -6), resistant, flying, somewhat resistant to
hostile enchantments, fairly stealthy
A: blink, magic resistance 1, strong 1
a: Blink


You were on level 3 of the Dungeon.
You were not hungry.

You visited 1 branch of the dungeon, and saw 3 of its levels.

You collected 81 gold pieces.

Inventory:

Hand Weapons
 e - a +0 dagger (weapon)
 m - a +0 club
Armour
 a - a +0 robe (worn)
Jewellery
 g - an uncursed amulet of rage {unknown}
Scrolls
 d - a scroll of fog {unknown}
 l - a scroll of random uselessness {unknown}
 n - a scroll of recharging {unknown}
 p - a scroll of enchant armour {unknown}
 q - a scroll of noise {unknown}
Potions
 c - a potion of mutation
 f - a potion of degeneration
Books
 b - a book of Flames

   Spells                             Type                      Level
   a - Flame Tongue                   Conjuration/Fire             1
   b - Throw Flame                    Conjuration/Fire             2
   c - Conjure Flame                  Conjuration/Fire             3
   d - Inner Flame                    Hexes/Fire                   3
   e - Sticky Flame                   Conjuration/Fire             4
   f - Fireball                       Conjuration/Fire             5


   Skills:
 - Level 2.1 Dodging
 - Level 2.1 Stealth
 + Level 3.6 Spellcasting
 + Level 1.9 Conjurations
 + Level 3.7 Fire Magic


You had 8 spell levels left.
You knew the following spells:

 Your Spells              Type           Power        Failure   Level  Hunger
a - Flame Tongue          Conj/Fire      ##...        6%          1    None


Dungeon Overview and Level Annotations

Branches:
Dungeon (3/15)

Altars:
Ashenzari
Dithmenos
Yredelemnul
Zin


Innate Abilities, Weirdness & Mutations

You can translocate small distances at will.
You are resistant to hostile enchantments.
Your muscles are strong. (Str +2)


Message History

* * * LOW HITPOINT WARNING * * *
You feel sick.
It was a potion of flight.
You feel very buoyant.
You fly up into the air.
It was a potion of mutation.
You feel extremely strange.
You feel resistant to hostile enchantments.
You feel jittery.
You feel stronger.
* * * LOW HITPOINT WARNING * * *
You feel sick.
It was a potion of resistance.
You feel protected.
* * * LOW HITPOINT WARNING * * *
You feel sick.
* * * LOW HITPOINT WARNING * * *
You feel sick.
* * * LOW HITPOINT WARNING * * *
You feel sick.
Found a stone staircase leading down.
You die...

....##..........#
.................
####...[.>........#
....#.............
........###....>
....$......#####
###.#.#...........######
.......@................
.###.....######...#####.
.....#(### ###...###.
..#.... #....... . #....
##...... #.#.# #(..##.#
#... #...#..... ##.#
#..###..### ...##...##


There were no monsters in sight!

Vanquished Creatures
  2 adders
  A dart slug (D:1)
  2 giant cockroaches (D:2)
  3 hobgoblins
  2 quokkas (D:2)
  A ball python (D:3)
  7 bats
  A giant newt (D:1)
  9 goblins
  2 kobolds (D:2)
  10 rats
40 creatures vanquished.

Notes
Turn   | Place    | Note
--------------------------------------------------------------
     0 | D:1      | mindo the High Elf Fire Elementalist began the quest for the Orb.
     0 | D:1      | Reached XP level 1. HP: 11/11 MP: 4/4
   302 | D:2      | Found a shattered altar of Ashenzari.
   303 | D:2      | Found a shadowy altar of Dithmenos.
   314 | D:2      | Reached XP level 2. HP: 10/17 MP: 3/6
   790 | D:2      | Reached XP level 3. HP: 21/21 MP: 6/8
  1916 | D:3      | Found a basalt altar of Yredelemnul.
  1995 | D:3      | Found a glowing silver altar of Zin.
  2104 | D:3      | Gained mutation: You are resistant to hostile enchantments. [potion of mutation]
  2104 | D:3      | Gained mutation: You can translocate small distances at will. [potion of mutation]
  2104 | D:3      | Gained mutation: Your muscles are strong. (Str +2) [potion of mutation]
  2109 | D:3      | HP: 1/21 [poisoned by an adder]
  2111 | D:3      | Succumbed to an adder's poison

Skill      XL: |  1  2 |
---------------+-------+-----
Spellcasting   | 3 |  3.6
Dodging        | |  2.1
Stealth        | |  2.1
Conjurations   | |  1.9
Fire Magic     | |  3.7

Action                   || total
-------------------------++-------
Melee: Dagger            ||     3
 Cast: Flame Tongue      ||    66
  Use: Potion            ||     7
  Eat: Bread ration      ||     1
       Pizza             ||     1
Armor: Robe              ||    23
Dodge: Dodged            ||    43
